 Dungeon Crawl Stone Soup version 0.29.1-1-gd02db6906a (webtiles) character file.

Game seed: 8840714912718163283

1593 MisterFreud the Carver (level 8, -1/61 HPs)
             Began as a Gnoll Wanderer on Sept 18, 2022.
             Slain by an orc warrior
             ... wielding a +0 halberd
              (12 damage)
             ... on level 7 of the Dungeon.
             The game lasted 00:09:00 (7587 turns).

MisterFreud the Carver (Gnoll Wanderer)             Turns: 7587, Time: 00:09:01

Health: -1/61      AC:  7    Str: 14    XL:     8   Next: 93%
Magic:  15/15      EV: 12    Int: 12    God:
Gold:   232        SH:  0    Dex: 11    Spells: 16/16 levels left

rFire   . . .      SeeInvis .   y - +4 quarterstaff (spect)
rCold   . . .      Faith    .   (shield currently unavailable)
rNeg    . . .      Spirit   .   f - +1 leather armour
rPois   .          Reflect  .   (no helmet)
rElec   .          Harm     .   (no cloak)
rCorr   .          Rampage  .   g - +2 pair of gloves
Will    .....                   (no boots)
Stlth   ++........              (no amulet)
HPRegen 0.20/turn               (no ring)
MPRegen 0.14/turn               (no ring)

@: no status effects
A: fangs 1, strong nose, distributed training
a: no special abilities


You were on level 7 of the Dungeon.
You visited 1 branch of the dungeon, and saw 7 of its levels.

You collected 232 gold pieces.

Inventory:

Hand Weapons
 a - a +3 falchion
 y - a +4 spectral quarterstaff (weapon)
 B - a +2 vampiric hand axe
Missiles
 c - 9 boomerangs (quivered)
 A - 4 javelins
Armour
 f - a +1 leather armour (worn)
 g - a +2 pair of gloves (worn)
Jewellery
 l - an amulet of guardian spirit
 r - a +6 ring of dexterity
Wands
 s - a wand of flame (29)
Scrolls
 e - 4 scrolls of blinking
 k - 2 scrolls of magic mapping
 x - 4 scrolls of teleportation
Potions
 h - a potion of curing
 i - a potion of berserk rage
 m - a potion of cancellation
 n - 2 potions of heal wounds {unknown}
 o - 2 potions of ambrosia
 q - 4 potions of lignification
 t - a potion of might
 v - a potion of attraction
 w - 2 potions of brilliance
 z - a potion of mutation {unknown}


   Skills:
 + Level 4.7 Fighting
 + Level 3.8 Short Blades
 + Level 11.1 Long Blades
 + Level 3.8 Axes
 + Level 3.8 Maces & Flails
 + Level 3.8 Polearms
 + Level 3.8 Staves
 + Level 6.0 Ranged Weapons
 + Level 4.7 Throwing
 + Level 3.8 Armour
 + Level 3.8 Dodging
 + Level 3.8 Stealth
 + Level 3.8 Shields
 + Level 3.8 Unarmed Combat
 + Level 4.8 Spellcasting
 + Level 3.1 Conjurations
 + Level 3.1 Hexes
 + Level 3.1 Summonings
 + Level 3.1 Necromancy
 + Level 3.1 Translocations
 + Level 3.1 Transmutations
 + Level 3.1 Fire Magic
 + Level 3.1 Ice Magic
 + Level 3.1 Air Magic
 + Level 3.1 Earth Magic
 + Level 3.1 Poison Magic
 + Level 4.2 Invocations
 + Level 3.8 Evocations


You had 16 spell levels left.
You didn't know any spells.
Your spell library contained the following spells:

 Spells                   Type           Power      Damage    Failure   Level
 Sting                    Tmut/Pois      40%        1d5       7%          1
 Summon Small Mammal      Summ           40%        N/A       7%          1
 Blink                    Tloc           20%        N/A       11%         2
 Poisonous Vapours        Pois/Air       20%        N/A       11%         2
 Call Canine Familiar     Summ           10%        N/A       21%         3
 Summon Guardian Golem    Hex/Summ       10%        N/A       21%         3
 Olgreb's Toxic Radiance  Pois           10%        N/A       56%         4
 Manifold Assault         Tloc           10%        N/A       88%         5
 Storm Form               Tmut/Air       5%         N/A       100%        7


Dungeon Overview and Level Annotations

Branches:
Dungeon (7/15)
 Temple: D:4-7

Altars:
Fedhas
Gozag
Nemelex Xobeh
Qazlal
Xom
The Shining One

Shops:
D:4 *

Annotations:
D:6 Eustachio


Innate Abilities, Weirdness & Mutations

You have very sharp teeth.
Your uncanny sense of smell can sniff out nearby items.
Your experience applies equally to all skills.


Message History

The black bear barely misses you.
The black bear claws you but does no damage.
The black bear barely misses you.
Something completely misses your +4 spectral quarterstaff.
You hit the black bear.
The black bear is almost dead.
Your +4 spectral quarterstaff hits the black bear.
You kill the black bear!
The centaur shoots an arrow.
Something barely misses your +4 spectral quarterstaff.
The orc warrior shouts!
Your Ranged Weapons skill increases to level 6!
Things that are here:
a +0 dagger; a +0 scale mail; an orc corpse You miss something.
Your +4 spectral quarterstaff hits something!
Reactivating autopickup.
You feel a bit more experienced.
The centaur shoots an arrow.
The arrow closely misses you.
The centaur shoots an arrow.
The arrow hits you!
Found 17 gold pieces.
Things that are here:
a +0 dagger; a +0 robe; an orc corpse You hit the centaur.
The centaur is lightly wounded.
Your +4 spectral quarterstaff hits the centaur!
The centaur unwields a +0 shortbow.
The centaur hits you but does no damage.
The centaur barely misses you.
You sock the centaur! You bite the centaur, but do no damage.
The centaur is severely wounded.
Your +4 spectral quarterstaff hits the centaur!!
You kill the centaur!
The orc warrior closely misses you.
The orc warrior hits you with a +0 halberd!
* * * LOW HITPOINT WARNING * * *
You thump the orc warrior!
The orc warrior is heavily wounded.
Your +4 spectral quarterstaff hits the orc warrior but does no damage.
The orc warrior hits you with a +0 halberd!
You die...

##. ##... ### #..#.[
# #.##...... #.
#####)........ #..
##.##.)........
....##...#ยง.@(......
..........#.#o......
##......####.......
#.....<>.# .......
..............#.....
.##......c....###...
#...#...^.o..# .$.
##..##.......# ## #..
#.....o.#


You could see an orc warrior and a friendly +4 spectral quarterstaff (summoned).

Vanquished Creatures
  Sigmund (D:3)
  Edmund (D:6)
  A black bear (D:7)
  2 ogres (D:4)
  A centaur (D:7)
  A phantom (D:4)
  Blork the orc (D:4)
  A necrophage (D:5)
  2 scorpions (D:4)
  3 jellies
  2 hounds
  Crazy Yiuf (D:4)
  Jessica (D:3)
  A gnoll bouda (D:4)
  Ijyb (D:3)
  Terence (D:3)
  An iguana (D:6)
  4 orc wizards
  8 adders
  5 gnolls (D:4)
  A white imp (D:6)
  An ufetubus (D:5)
  2 worms
  2 dart slugs
  18 orcs
  12 ball pythons
  9 bats
  6 endoplasms
  5 giant cockroaches
  12 goblins
  3 hobgoblins
  11 jackals
  4 quokkas
  5 frilled lizards
  7 kobolds
  4 rats
  A toadstool (D:1)
142 creatures vanquished.

Vanquished Creatures (others)
  3 toadstools (D:1)
3 creatures vanquished.

Grand Total: 145 creatures vanquished

Notes
Turn   | Place    | Note
-------+----------+-------------------------------------------
     0 | D:1      | Reached skill level 10 in Long Blades
     0 | D:1      | MisterFreud the Gnoll Wanderer began the quest for the Orb.
     0 | D:1      | MisterFreud set off with the following items: a +2
                  | falchion, a +0 sling, 9 boomerangs, a +0 dagger, a scroll
                  | of blinking, a +0 leather armour.
     0 | D:1      | Reached XP level 1. HP: 17/17 MP: 4/4
   285 | D:1      | Reached XP level 2. HP: 23/23 MP: 5/5
   745 | D:1      | Reached XP level 3. HP: 27/28 MP: 7/7
  1401 | D:2      | Found a sparkling altar of Nemelex Xobeh.
  1435 | D:2      | Found a faded altar of an unknown god.
  1638 | D:2      | Reached skill level 1 in Invocations
  1723 | D:2      | Reached skill level 1 in Short Blades
  1723 | D:2      | Reached skill level 1 in Axes
  1723 | D:2      | Reached skill level 1 in Maces & Flails
  1723 | D:2      | Reached skill level 1 in Polearms
  1723 | D:2      | Reached skill level 1 in Staves
  1723 | D:2      | Reached skill level 1 in Armour
  1723 | D:2      | Reached skill level 1 in Dodging
  1723 | D:2      | Reached skill level 1 in Stealth
  1723 | D:2      | Reached skill level 1 in Shields
  1723 | D:2      | Reached skill level 1 in Unarmed Combat
  1723 | D:2      | Reached skill level 1 in Evocations
  2256 | D:3      | Noticed Jessica
  2261 | D:3      | Killed Jessica
  2262 | D:3      | Reached skill level 1 in Conjurations
  2262 | D:3      | Reached skill level 1 in Hexes
  2262 | D:3      | Reached skill level 1 in Summonings
  2262 | D:3      | Reached skill level 1 in Necromancy
  2262 | D:3      | Reached skill level 1 in Translocations
  2262 | D:3      | Reached skill level 1 in Transmutations
  2262 | D:3      | Reached skill level 1 in Fire Magic
  2262 | D:3      | Reached skill level 1 in Ice Magic
  2262 | D:3      | Reached skill level 1 in Air Magic
  2262 | D:3      | Reached skill level 1 in Earth Magic
  2262 | D:3      | Reached skill level 1 in Poison Magic
  2262 | D:3      | Reached XP level 4. HP: 28/34 MP: 8/8
  2530 | D:3      | Noticed Sigmund
  2553 | D:3      | Killed Sigmund
  2554 | D:3      | Reached XP level 5. HP: 10/41 MP: 8/10
  2554 | D:3      | Reached XP level 6. HP: 11/47 MP: 8/11
  2945 | D:3      | Reached skill level 5 in Ranged Weapons
  3273 | D:3      | Noticed Ijyb
  3299 | D:3      | Killed Ijyb
  3577 | D:3      | Noticed Terence
  3586 | D:3      | Killed Terence
  4336 | D:4      | Found Anit Dobb's CLEARANCE SALE!.
  4349 | D:4      | Reached XP level 7. HP: 41/52 MP: 12/12
  5350 | D:4      | Found a shimmering altar of Xom.
  5396 | D:4      | Found a glowing golden altar of the Shining One.
  5396 | D:4      | Found a stormy altar of Qazlal.
  5396 | D:4      | Found an opulent altar of Gozag.
  5946 | D:4      | Noticed Blork the orc
  5956 | D:4      | Killed Blork the orc
  5962 | D:4      | Reached XP level 8. HP: 44/60 MP: 14/14
  6460 | D:4      | Found a runed translucent door.
  6461 | D:4      | Noticed Crazy Yiuf
  6469 | D:4      | Killed Crazy Yiuf
  6630 | D:5      | Entered Level 5 of the Dungeon
  6833 | D:5      | Found a blossoming altar of Fedhas.
  7237 | D:6      | Reached skill level 11 in Long Blades
  7531 | D:6      | Noticed Edmund
  7541 | D:6      | Noticed Eustachio
  7547 | D:6      | Killed Edmund
  7587 | D:7      | Slain by an orc warrior

Illustrated notes

Levels and vault maps discovered:
D:1:      ldierk_water_garden, layout_basic, st_stairs_9
D:2:      layout_basic, dreamdust_ecumenical_altar_angels_and_demons,
          basic_altar, serial_park_tiny_pond, minivault_26
D:3:      layout_loops_corners, minmay_snake_closets, uniq_ijyb, uniq_terence,
          uniq_jessica, uniq_sigmund
D:4:      layout_gridville, nicolae_overflow_hidden_temple,
          gammafunk_temple_overflow_claw, nicolae_shop_clearance,
          uniq_crazy_yiuf_cottage, uniq_blork_the_orc
D:5:      layout_cave_pools, lemuel_crystal_altar
D:6:      layout_cave_pods, nicolae_figureground_sparkle, uniq_edmund,
          uniq_pikel, uniq_eustachio
D:7:      kennysheep_six_static_rooms, layout_cave_pools,
          minmay_temple_entry_tees, minmay_mini_ossuary, uniq_duvessa

Skill      XL: |  1  2  3  4  5  6  7  8 |
---------------+-------------------------+-----
Long Blades    | 11 | 11.1
Invocations    | 1 2 3 4 |  4.2
Short Blades   | 1 2 3 |  3.8
Axes           | 1 2 3 |  3.8
Maces & Flails | 1 2 3 |  3.8
Polearms       | 1 2 3 |  3.8
Staves         | 1 2 3 |  3.8
Armour         | 1 2 3 |  3.8
Dodging        | 1 2 3 |  3.8
Stealth        | 1 2 3 |  3.8
Shields        | 1 2 3 |  3.8
Unarmed Combat | 1 2 3 |  3.8
Evocations     | 1 2 3 |  3.8
Spellcasting   | 3 4 |  4.8
Conjurations   | 1 2 3 |  3.1
Hexes          | 1 2 3 |  3.1
Summonings     | 1 2 3 |  3.1
Necromancy     | 1 2 3 |  3.1
Translocations | 1 2 3 |  3.1
Transmutations | 1 2 3 |  3.1
Fire Magic     | 1 2 3 |  3.1
Ice Magic      | 1 2 3 |  3.1
Air Magic      | 1 2 3 |  3.1
Earth Magic    | 1 2 3 |  3.1
Poison Magic   | 1 2 3 |  3.1
Fighting       | 3 4 |  4.7
Throwing       | 3 4 |  4.7
Ranged Weapons | 5 6 |  6.0

Action                   |  1- 3 |  4- 6 |  7- 9 || total
-------------------------+-------+-------+-------++-------
Melee: Falchion          |   101 |   147 |   192 ||   440
       Bite              |     5 |    14 |    30 ||    49
       Punch             |       |     2 |     6 ||     8
       Quarterstaff      |       |       |    35 ||    35
  Use: Scroll            |       |     8 |     7 ||    15
       Potion            |       |       |     1 ||     1
 Stab: Sleeping          |     1 |    10 |       ||    11
       Distracted        |       |       |     1 ||     1
Armor: Leather armour    |    32 |    44 |    61 ||   137
Dodge: Dodged            |    44 |    62 |   139 ||   245
